[Event "ICC tourney 2396 (75 10)"]
[Site "Internet Chess Club"]
[Date "2021.02.21"]
[Round "5"]
[White "rpodder1"]
[Black "fireheart"]
[Result "0-1"]
[ICCResult "White resigns"]
[WhiteElo "1590"]
[BlackElo "1608"]
[Opening "Giuoco Pianissimo"]
[ECO "C50"]
[NIC "IG.02"]
[Time "14:32:56"]
[PlyCount "48"]
[TimeControl "4500+10"]

1. e4 e5 2. Nf3 Nc6 3. Bc4 Bc5 4. d3 Nf6 5. Bg5 h6 6. Bh4 d6 7. h3 Na5 8.
Bb3 Nxb3 9. axb3 a6 10. O-O g5 11. Bg3 g4 12. Bh4 gxh3 13. g3 Bg4 14. Nc3
c6 15. Na4 Ba7 16. c3 b5 17. d4 Qe7 18. Qd3 bxa4 19. Qxa6 O-O 20. Nh2 Bd7
21. bxa4 Qe6 22. Qd3 exd4 23. Rfe1 dxc3 24. Qxc3 Nxe4 { White resigns } 0-1

[Event "ICC tourney 2396 (75 10)"]
[Site "Internet Chess Club"]
[Date "2021.02.21"]
[Round "5"]
[White "Yamato1945"]
[Black "landonp"]
[Result "0-1"]
[ICCResult "White resigns"]
[WhiteElo "1510"]
[BlackElo "1524"]
[Opening "Grünfeld: Russian variation"]
[ECO "D96"]
[NIC "GI.10"]
[Time "14:32:57"]
[PlyCount "72"]
[TimeControl "4500+10"]

1. d4 Nf6 2. c4 g6 3. Nc3 d5 4. Nf3 Bg7 5. Qb3 c6 6. cxd5 cxd5 7. Bf4 O-O
8. e3 Nc6 9. Bd3 Nh5 10. Bg3 Nxg3 11. hxg3 e6 12. O-O Bd7 13. Rac1 Rb8 14.
a3 Re8 15. Rfd1 h5 16. Qc2 Kh7 17. Kh2 Bf6 18. Rh1 Kg7 19. Kg1 Rh8 20. Ne2
Qe7 21. Nf4 Rh6 22. Kf1 Rbh8 23. Ke2 g5 24. Nxe6+ Qxe6 25. Rh2 g4 26. Nh4
Nxd4+ 27. Kd2 Nxc2 28. Kxc2 Rc8+ 29. Kd2 Rxc1 30. Kxc1 Qc6+ 31. Kd2 Bxb2
32. Bf5 Qc1+ 33. Ke2 Bb5+ 34. Bd3 Qc2+ 35. Ke1 Bc3+ 36. Kf1 Bxd3+ { White
resigns } 0-1

[Event "ICC tourney 2396 (75 10)"]
[Site "Internet Chess Club"]
[Date "2021.02.21"]
[Round "5"]
[White "Ryan123455"]
[Black "solveur"]
[Result "1-0"]
[ICCResult "Black checkmated"]
[WhiteElo "1622"]
[BlackElo "1560"]
[Opening "Scotch game"]
[ECO "C45"]
[NIC "SO.05"]
[Time "14:33:08"]
[PlyCount "147"]
[TimeControl "4500+10"]

1. e4 e5 2. Nf3 Nc6 3. d4 exd4 4. Nxd4 Bc5 5. Be3 Qf6 6. c3 Nge7 7. Bc4 Ne5
8. Be2 O-O 9. O-O d6 10. f4 N5c6 11. Kh1 Bb6 12. Qd2 h6 13. Na3 Be6 14.
Nxe6 fxe6 15. Nc2 d5 16. Bxb6 axb6 17. e5 Qf7 18. Ne3 Ra4 19. g3 Rfa8 20.
b3 Ra3 21. Bg4 g6 22. Qg2 Nf5 23. Bxf5 gxf5 24. Rf2 Kh7 25. Rg1 h5 26. Qh3
Rxa2 27. Rxa2 Rxa2 28. g4 Ne7 29. gxh5 Ra8 30. Nf1 Rg8 31. Rg5 Rxg5 32.
fxg5 Qg7 33. g6+ Kg8 34. Qh4 Nc6 35. Qf6 Qxf6 36. exf6 Ne5 37. h3 Nd7 38.
f7+ Kg7 39. Kg2 Nf8 40. Kf3 b5 41. Kf4 Kf6 42. Ke3 c5 43. h4 e5 44. Nh2 e4
45. Nf1 Ne6 46. Nd2 f4+ 47. Ke2 b6 48. Nb1 c4 49. b4 d4 50. cxd4 Nxd4+ 51.
Kf1 Ne6 52. Nc3 Kg7 53. Nxe4 Nf8 54. Kf2 Ne6 55. Kf3 Nf8 56. Kxf4 Ne6+ 57.
Ke5 Nf8 58. Kd6 Kh6 59. Ke7 Kg7 60. h6+ Kxh6 61. Kxf8 Kxg6 62. Kg8 c3 63.
Nxc3 Kh5 64. f8=Q Kg4 65. h5 Kxh5 66. Qg7 Kh4 67. Kf7 Kh3 68. Kf6 Kh4 69.
Kf5 Kh3 70. Kf4 Kh2 71. Na4 Kh1 72. Qg3 bxa4 73. Kf3 b5 74. Qg2# { Black
checkmated } 1-0

[Event "ICC tourney 2396 (75 10)"]
[Site "Internet Chess Club"]
[Date "2021.02.21"]
[Round "5"]
[White "ScorpianFire7"]
[Black "wahoo"]
[Result "1-0"]
[ICCResult "Black checkmated"]
[WhiteElo "1495"]
[BlackElo "1653"]
[Opening "Giuoco Piano"]
[ECO "C54"]
[NIC "IG.02"]
[Time "14:33:00"]
[PlyCount "79"]
[TimeControl "4500+10"]

1. e4 e5 2. Nf3 Nc6 3. Bc4 Bc5 4. c3 Nf6 5. d4 exd4 6. e5 Ng4 7. cxd4 Bb4+
8. Bd2 Bxd2+ 9. Qxd2 d5 10. Bb3 O-O 11. h3 Nh6 12. Nc3 Be6 13. O-O-O Nf5
14. g4 Nfe7 15. Ng5 Na5 16. Bc2 Ng6 17. f4 Nc4 18. Qf2 Qe7 19. Rdg1 h6 20.
Nxe6 fxe6 21. Bxg6 Rxf4 22. Qxf4 Rf8 23. Bf5 exf5 24. gxf5 Qb4 25. Rh2 Nxb2
26. Qe3 Nc4 27. Qg3 Qa3+ 28. Kb1 Qb4+ 29. Ka1 Rf7 30. e6 Re7 31. Nxd5 Qa3
32. Qxa3 Nxa3 33. Nxe7+ Kf8 34. Ng6+ Ke8 35. e7 Nc2+ 36. Rxc2 h5 37. Rxc7
h4 38. Rc8+ Kd7 39. e8=Q+ Kd6 40. Qe6# { Black checkmated } 1-0

[Event "ICC tourney 2396 (75 10)"]
[Site "Internet Chess Club"]
[Date "2021.02.21"]
[Round "5"]
[White "IveDoneEnough"]
[Black "Supersamraat"]
[Result "1-0"]
[ICCResult "Black checkmated"]
[WhiteElo "1584"]
[BlackElo "1575"]
[Opening "French: Steinitz, Boleslavsky variation"]
[ECO "C11"]
[NIC "FR.04"]
[Time "14:32:57"]
[PlyCount "51"]
[TimeControl "4500+10"]

1. e4 e6 2. d4 d5 3. Nc3 Nf6 4. e5 Nfd7 5. f4 c5 6. Nf3 Nc6 7. Be3 Qb6 8.
Na4 Qa5+ 9. c3 cxd4 10. b4 Qc7 11. Nxd4 a6 12. Bd3 b5 13. Nb2 Nb6 14. Qe2
Nc4 15. O-O Be7 16. a4 Nxd4 17. Bxd4 Bb7 18. Nxc4 dxc4 19. Be4 O-O 20. f5
Rad8 21. f6 Bxb4 22. Bxh7+ Kxh7 23. Qh5+ Kg8 24. Qg5 g6 25. Qh6 Rxd4 26.
Qg7# { Black checkmated } 1-0

[Event "ICC tourney 2396 (75 10)"]
[Site "Internet Chess Club"]
[Date "2021.02.21"]
[Round "5"]
[White "Ananya22609"]
[Black "PvzGuy13"]
[Result "1-0"]
[ICCResult "Black checkmated"]
[WhiteElo "1595"]
[BlackElo "1691"]
[Opening "Sicilian: Alapin's variation (2.c3)"]
[ECO "B22"]
[NIC "SI.46"]
[Time "14:32:51"]
[PlyCount "107"]
[TimeControl "4500+10"]

1. e4 c5 2. c3 Nf6 3. e5 Nd5 4. Nf3 e6 5. d4 cxd4 6. cxd4 d6 7. exd6 Bxd6
8. Nc3 Bb4 9. Bd2 O-O 10. Bd3 h6 11. O-O Nc6 12. Re1 Nce7 13. Rc1 Bd7 14.
Qb3 Qb6 15. Ne5 Rfd8 16. Rcd1 Qxd4 17. Re4 Qc5 18. Nxd5 Qxd5 19. Bxb4 Qxb3
20. axb3 Nc6 21. Nxc6 Bxc6 22. Ree1 a5 23. Bc3 a4 24. Bc2 axb3 25. Bxb3
Rdc8 26. Ra1 Rab8 27. Be5 Ra8 28. Red1 Bd5 29. Bxd5 Rxa1 30. Rxa1 exd5 31.
g3 g6 32. Ra7 Rd8 33. Rxb7 d4 34. Rb8 Rxb8 35. Bxb8 d3 36. Bf4 g5 37. Bd2
f5 38. b4 f4 39. gxf4 gxf4 40. Bxf4 h5 41. b5 h4 42. b6 d2 43. Bxd2 h3 44.
b7 Kf7 45. b8=Q Kg6 46. Qg3+ Kf5 47. Qxh3+ Kf6 48. Qf3+ Kg6 49. h4 Kh7 50.
Qf5+ Kh8 51. Bc3+ Kg8 52. Qd7 Kf8 53. h5 Kg8 54. Qg7# { Black checkmated }
1-0

[Event "ICC tourney 2396 (75 10)"]
[Site "Internet Chess Club"]
[Date "2021.02.21"]
[Round "5"]
[White "Artemio3"]
[Black "edwinthomas"]
[Result "1-0"]
[ICCResult "Black checkmated"]
[WhiteElo "1721"]
[BlackElo "1527"]
[Opening "two knights defense: Fritz variation"]
[ECO "C57"]
[NIC "KP.01"]
[Time "14:33:05"]
[PlyCount "101"]
[TimeControl "4500+10"]

1. e4 e5 2. Bc4 Nc6 3. Nf3 Nf6 4. Ng5 d5 5. exd5 Nd4 6. c3 b5 7. cxd4 bxc4
8. dxe5 Nxd5 9. Nf3 Nb6 10. Nc3 Bg4 11. O-O Qd3 12. Re1 Bc5 13. Qe2 O-O 14.
h3 Bxf3 15. Qxf3 Qxf3 16. gxf3 Rfe8 17. f4 f6 18. e6 Re7 19. f5 Rae8 20.
Ne4 Bd4 21. Rb1 g6 22. Ng3 Be5 23. fxg6 hxg6 24. b3 Rxe6 25. bxc4 Bxg3 26.
Rxe6 Rxe6 27. fxg3 Nxc4 28. Kf2 Ra6 29. a3 Nxa3 30. Ra1 Rc6 31. Bxa3 Rc2
32. Ke2 a6 33. Bb4 Rc6 34. Ra3 Kg7 35. Rc3 Re6+ 36. Re3 Rc6 37. Kf3 Kh6 38.
Rc3 Rb6 39. Ba5 Rb2 40. Rxc7 Ra2 41. Bc3 Kg5 42. Rc5+ f5 43. Ra5 Rc2 44.
Rxa6 Rc1 45. Be5 Rc2 46. Bf4+ Kh5 47. g4+ fxg4+ 48. hxg4+ Kh4 49. Rxg6 Rc5
50. Rh6+ Rh5 51. Rxh5# { Black checkmated } 1-0

[Event "ICC tourney 2396 (75 10)"]
[Site "Internet Chess Club"]
[Date "2021.02.21"]
[Round "5"]
[White "Zuiopal"]
[Black "chesslin"]
[Result "1/2-1/2"]
[ICCResult "Game drawn because neither player has mating material"]
[WhiteElo "1654"]
[BlackElo "1788"]
[Opening "King's Indian: orthodox, Aronin-Taimanov, bayonet attack"]
[ECO "E97"]
[NIC "KI.05"]
[Time "14:33:48"]
[PlyCount "113"]
[TimeControl "4500+10"]

1. d4 g6 2. c4 Bg7 3. Nc3 d6 4. e4 Nf6 5. Nf3 O-O 6. Be2 e5 7. O-O Nc6 8.
d5 Ne7 9. b4 a5 10. Ba3 axb4 11. Bxb4 Nd7 12. Nd2 f5 13. f3 f4 14. Nb3 b6
15. a4 g5 16. a5 Nf6 17. axb6 Rxa1 18. Qxa1 cxb6 19. Nb5 g4 20. Nxd6 g3 21.
Nxc8 gxh2+ 22. Kxh2 Nxc8 23. Bxf8 Kxf8 24. Qa3+ Kg8 25. Qa4 Nh5 26. Qc6 Nd6
27. c5 bxc5 28. Nxc5 Ng3 29. Re1 Qh4+ 30. Kg1 Bf8 31. Qd7 Ngxe4 32. Qe6+
Nf7 33. Nxe4 Qxe1+ 34. Bf1 Bc5+ 35. Nxc5 Qe3+ 36. Kh2 Qxc5 37. Bd3 Qc7 38.
Bf5 Kg7 39. Bg4 Qd8 40. Bh3 Qh4 41. d6 Qg3+ 42. Kh1 Qg6 43. Qxg6+ hxg6 44.
d7 Kf6 45. Kg1 Ke7 46. Kf2 Nd6 47. Ke2 Nf5 48. Kd3 Kxd7 49. Ke4 Ke6 50. Bg4
Kf6 51. Bxf5 gxf5+ 52. Kd5 e4 53. fxe4 fxe4 54. Kxe4 Kg5 55. Kf3 Kf5 56. g3
fxg3 57. Kxg3 { Game drawn because neither player has mating material }
1/2-1/2

[Event "ICC tourney 2396 (75 10)"]
[Site "Internet Chess Club"]
[Date "2021.02.21"]
[Round "5"]
[White "StevChess01"]
[Black "yanje03"]
[Result "1/2-1/2"]
[ICCResult "Game drawn by mutual agreement"]
[WhiteElo "1661"]
[BlackElo "1570"]
[Opening "Nimzo-Indian: Kmoch variation"]
[ECO "E24"]
[NIC "NI.30"]
[Time "14:32:57"]
[PlyCount "80"]
[TimeControl "4500+10"]

1. d4 Nf6 2. c4 e6 3. Nc3 Bb4 4. f3 d5 5. a3 Bxc3+ 6. bxc3 c5 7. e3 O-O 8.
cxd5 exd5 9. Bd3 Qc7 10. Ne2 c4 11. Bc2 b5 12. Ng3 Nc6 13. O-O a5 14. Bd2
Bd7 15. e4 Ne7 16. Bg5 Ng6 17. e5 Ne8 18. Bd2 f5 19. f4 Be6 20. Rb1 Rb8 21.
a4 bxa4 22. Bxa4 Rxb1 23. Qxb1 Qa7 24. Qc2 Nc7 25. Rb1 Ne7 26. Qb2 Bc8 27.
Qb8 Qxb8 28. Rxb8 Ba6 29. Rb6 Nc8 30. Rb8 Ne7 31. Rxf8+ Kxf8 32. Bc1 Bb5
33. Bc2 g6 34. Ba3 Kf7 35. Kf2 Be8 36. Ne2 Nc8 37. h3 Bd7 38. Kf3 h5 39. g3
Nb6 40. Bc5 Nc8 { Game drawn by mutual agreement } 1/2-1/2

[Event "ICC tourney 2396 (75 10)"]
[Site "Internet Chess Club"]
[Date "2021.02.21"]
[Round "5"]
[White "NL008"]
[Black "Mulan2009"]
[Result "0-1"]
[ICCResult "White checkmated"]
[WhiteElo "1541"]
[BlackElo "1680"]
[Opening "French: exchange variation"]
[ECO "C01"]
[NIC "FR.01"]
[Time "14:33:14"]
[PlyCount "136"]
[TimeControl "4500+10"]

1. e4 e6 2. d4 d5 3. exd5 exd5 4. Bf4 Bd6 5. Bxd6 Qxd6 6. Bd3 Qb4+ 7. Nc3
Nf6 8. Rb1 Nc6 9. Ne2 Bd7 10. a3 Qe7 11. O-O O-O 12. Re1 Be6 13. Nf4 Qd6
14. g3 g6 15. Bf1 a6 16. Bg2 Rad8 17. Qd2 b6 18. Re3 Na5 19. b3 Rfe8 20.
Qe1 c6 21. Nxe6 fxe6 22. Bh3 Kf7 23. Qe2 c5 24. Re1 cxd4 25. Rxe6 Rxe6 26.
Qxe6+ Qxe6 27. Bxe6+ Ke7 28. Nxd5+ Nxd5 29. Bxd5+ Kd6 30. Bf3 Rc8 31. Be4
Nc6 32. Rd1 Ke5 33. Bd3 b5 34. f4+ Kd5 35. c4+ Kc5 36. b4+ Kb6 37. c5+ Kc7
38. Be4 Rd8 39. Kf2 a5 40. Bxc6 Kxc6 41. Kf3 Kd5 42. Rc1 axb4 43. axb4 Ra8
44. h4 Ra3+ 45. Kg4 h5+ 46. Kh3 Rc3 47. Rd1 d3 48. Kg2 Ke4 49. Re1+ Kd4 50.
Rd1 Ke3 51. Re1+ Kd2 52. Re6 Kc2 53. Rd6 d2 54. Rxd2+ Kxd2 55. g4 hxg4 56.
h5 gxh5 57. f5 Rf3 58. c6 Rxf5 59. c7 Rf8 60. c8=B Rxc8 61. Kg3 Ke3 62. Kh2
Rc2+ 63. Kg3 Rc1 64. Kh2 g3+ 65. Kxg3 Rg1+ 66. Kh2 Rg4 67. Kh3 Kf2 68. Kh2
Rh4# { White checkmated } 0-1

[Event "ICC tourney 2396 (75 10)"]
[Site "Internet Chess Club"]
[Date "2021.02.21"]
[Round "5"]
[White "Pugnacious"]
[Black "Deveshc"]
[Result "1-0"]
[ICCResult "Black checkmated"]
[WhiteElo "1671"]
[BlackElo "1371"]
[Opening "Sicilian: Grand Prix attack"]
[ECO "B23"]
[NIC "SI.44"]
[Time "14:32:51"]
[PlyCount "87"]
[TimeControl "4500+10"]

1. e4 c5 2. Nc3 Nc6 3. f4 e6 4. Nf3 d5 5. Bb5 a6 6. Bxc6+ bxc6 7. O-O Be7
8. d3 Nf6 9. e5 Nd7 10. b3 O-O 11. Na4 Nb6 12. Nc3 Bd7 13. Qe2 Qc7 14. Ba3
Rfe8 15. Nd1 c4 16. Bxe7 cxd3 17. Qxd3 Rxe7 18. Ng5 g6 19. Qh3 h5 20. g4
Kg7 21. Ne3 Ree8 22. Rae1 d4 23. Ng2 Rh8 24. f5 exf5 25. gxf5 Bxf5 26. Rxf5
gxf5 27. e6 f6 28. Qxf5 Qe7 29. Nf7 Rhg8 30. Nf4 Nd5 31. Ng6 Qc5 32. Qxh5
d3+ 33. Kh1 f5 34. Qh6+ Kf6 35. Qg5+ Kg7 36. Nge5+ Kf8 37. Nd7+ Ke8 38.
Qxg8+ Ke7 39. Qg5+ Ke8 40. Nxc5 dxc2 41. Nd6+ Kf8 42. Qxf5+ Kg8 43. Rg1+
Kh8 44. Qh5# { Black checkmated } 1-0

[Event "ICC tourney 2396 (75 10)"]
[Site "Internet Chess Club"]
[Date "2021.02.21"]
[Round "5"]
[White "ruitang"]
[Black "Vinny773175"]
[Result "0-1"]
[ICCResult "White resigns"]
[WhiteElo "1598"]
[BlackElo "1763"]
[Opening "Sicilian defense"]
[ECO "B33"]
[NIC "SI.34"]
[Time "14:33:04"]
[PlyCount "92"]
[TimeControl "4500+10"]

1. e4 c5 2. Nf3 Nc6 3. d4 cxd4 4. Nxd4 Nf6 5. Nc3 e6 6. Nxc6 bxc6 7. e5 Nd5
8. Ne4 f5 9. exf6 Nxf6 10. Bd3 Nxe4 11. Bxe4 Qf6 12. O-O d5 13. Bd3 Bd6 14.
Qh5+ g6 15. Qh6 Bf8 16. Qe3 Bd6 17. Bd2 O-O 18. c3 e5 19. f3 Bc7 20. Kh1
Qd6 21. Be1 Bf5 22. Bg3 Bb6 23. Qe2 Rae8 24. Bc2 Bxc2 25. Qxc2 Qf6 26. Qe2
e4 27. fxe4 Rxe4 28. Qd3 Qe7 29. Rfe1 Re8 30. h3 Qc5 31. Qd2 Rxe1+ 32. Rxe1
Rxe1+ 33. Qxe1 Qe3 34. Qxe3 Bxe3 35. b3 Kf7 36. Be5 Ke6 37. Bh8 Kf5 38. a4
Ke4 39. b4 Kd3 40. b5 cxb5 41. axb5 Kc4 42. Be5 Kxb5 43. Kh2 Kc4 44. Kg3
Bd2 45. Bd4 a5 46. Kg4 a4 { White resigns } 0-1

[Event "ICC tourney 2396 (75 10)"]
[Site "Internet Chess Club"]
[Date "2021.02.21"]
[Round "5"]
[White "Niteshc"]
[Black "Abror"]
[Result "0-1"]
[ICCResult "White checkmated"]
[WhiteElo "1690"]
[BlackElo "1753"]
[Opening "Sicilian: Smith-Morra gambit"]
[ECO "B21"]
[NIC "SI.48"]
[Time "14:32:53"]
[PlyCount "78"]
[TimeControl "4500+10"]

1. e4 c5 2. d4 cxd4 3. c3 dxc3 4. Nxc3 e6 5. Nf3 Nc6 6. Bc4 a6 7. O-O Nge7
8. Bg5 f6 9. Be3 Ng6 10. Qe2 b5 11. Bb3 Be7 12. Rfd1 Qc7 13. Rac1 O-O 14.
Nd5 exd5 15. exd5 Kh8 16. dxc6 dxc6 17. Bd5 Bd7 18. Nd4 Ne5 19. Bf4 Qb6 20.
Bxc6 Bxc6 21. Bxe5 fxe5 22. Rxc6 Qb7 23. Qxe5 Bf6 24. Qc5 Rfd8 25. Re6 Qd7
26. Rxf6 gxf6 27. Re1 Qxd4 28. Qe7 Re8 29. Qxe8+ Rxe8 30. Rxe8+ Kg7 31.
Rg8+ Kxg8 32. h3 Qxb2 33. Kh2 Qxa2 34. h4 b4 35. h5 b3 36. h6 b2 37. g4
b1=Q 38. g5 Qxf2+ 39. Kh3 Qbf5# { White checkmated } 0-1

[Event "ICC tourney 2396 (75 10)"]
[Site "Internet Chess Club"]
[Date "2021.02.21"]
[Round "5"]
[White "VincentT2008"]
[Black "MikeWMason"]
[Result "1-0"]
[ICCResult "Black resigns"]
[WhiteElo "1701"]
[BlackElo "1664"]
[Opening "QGD: Albin counter-gambit"]
[ECO "D08"]
[NIC "QG.02"]
[Time "14:33:41"]
[PlyCount "101"]
[TimeControl "4500+10"]

1. d4 d5 2. c4 e5 3. dxe5 d4 4. Nf3 Nc6 5. a3 a5 6. Bg5 Be7 7. Bf4 Bc5 8.
Nbd2 Nge7 9. Nb3 Ng6 10. Bg5 Be7 11. Bxe7 Qxe7 12. Nbxd4 Bd7 13. e3 Rd8 14.
Qc2 Ncxe5 15. Be2 c5 16. Nxe5 cxd4 17. Nxg6 hxg6 18. exd4 Bf5 19. Qd2 Qe4
20. O-O b6 21. Rfe1 Kf8 22. Qg5 f6 23. Qg3 g5 24. Bf3 Qh4 25. Rad1 Kf7 26.
Bd5+ Kg6 27. Re7 Rxd5 28. cxd5 Qxg3 29. fxg3 Rd8 30. Rb7 Rd6 31. Re1 Rxd5
32. Rxb6 Rxd4 33. Re7 Rd1+ 34. Kf2 Bg4 35. Rbb7 Rd2+ 36. Kf1 Rd1+ 37. Re1
Rd2 38. b4 axb4 39. axb4 Rb2 40. b5 Bf5 41. b6 Bd3+ 42. Kg1 Bc4 43. Ree7
Bd5 44. Rbd7 Bc6 45. Rc7 Rxb6 46. g4 Rb1+ 47. Kf2 Rb2+ 48. Ke3 Rb3+ 49. Kd2
Be8 50. Rxg7+ Kh6 51. Rh7+ { Black resigns } 1-0

[Event "ICC tourney 2396 (75 10)"]
[Site "Internet Chess Club"]
[Date "2021.02.21"]
[Round "5"]
[White "trucker"]
[Black "JacJac06"]
[Result "1-0"]
[ICCResult "Black resigns"]
[WhiteElo "1640"]
[BlackElo "1709"]
[Opening "Sicilian defense"]
[ECO "B44"]
[NIC "SI.39"]
[Time "14:33:07"]
[PlyCount "85"]
[TimeControl "4500+10"]

1. e4 c5 2. Nf3 e6 3. d4 cxd4 4. Nxd4 Nc6 5. Be3 d5 6. Bb5 Bd7 7. Nc3 e5 8.
Nxd5 Nxd4 9. Bxd7+ Qxd7 10. Bxd4 exd4 11. Qxd4 Ne7 12. O-O-O Nxd5 13. exd5
f6 14. d6 Rc8 15. Rhe1+ Kf7 16. Qd5+ Kg6 17. g4 h5 18. Re6 Rc5 19. gxh5+
Rxh5 20. Rg1+ Kh6 21. Qd2+ Rcg5 22. Rxg5 Rxg5 23. Qe3 Kh7 24. f4 Rh5 25.
Qe2 Rh6 26. Qe4+ Kg8 27. Qd5 Rh5 28. Re5+ Qf7 29. Rxh5 Bxd6 30. Rh8+ Kxh8
31. Qxf7 Bxf4+ 32. Kd1 Be5 33. Qxb7 Kg8 34. h3 Bd4 35. Qa8+ Kh7 36. Qe4+ g6
37. Qxd4 f5 38. Qxa7+ Kh6 39. Qe3+ Kh5 40. c4 Kh4 41. c5 g5 42. c6 f4 43.
Qf3 { Black resigns } 1-0

[Event "ICC tourney 2396 (75 10)"]
[Site "Internet Chess Club"]
[Date "2021.02.21"]
[Round "5"]
[White "BobbyFissure"]
[Black "Mitochondria"]
[Result "0-1"]
[ICCResult "White resigns"]
[WhiteElo "1504"]
[BlackElo "1575"]
[Opening "English opening"]
[ECO "A22"]
[NIC "EO.09"]
[Time "14:33:11"]
[PlyCount "116"]
[TimeControl "4500+10"]

1. c4 e5 2. Nc3 Nf6 3. Nf3 d6 4. d3 Be7 5. g3 b6 6. Bg2 Bb7 7. O-O O-O 8.
Rb1 Nbd7 9. b4 a5 10. a3 Re8 11. Qb3 h6 12. e4 Nh7 13. h3 Ng5 14. Nh2 Ne6
15. f4 exf4 16. gxf4 Nd4 17. Qd1 c5 18. Nd5 Bxd5 19. cxd5 axb4 20. axb4 Ra2
21. Be3 Ne2+ 22. Kh1 Ng3+ 23. Kg1 Nxf1 24. Bxf1 Bf6 25. Nf3 Qa8 26. Nd2 Bd4
27. Bxd4 cxd4 28. Nb3 Qa7 29. Ra1 Ra8 30. Rxa2 Qxa2 31. Nxd4 Qb2 32. Nc6
Ra2 33. Qe2 Qxe2 34. Bxe2 Rxe2 35. Nd4 Re3 36. Nf5 Rxd3 37. Nxd6 Rd4 38. b5
Nc5 39. Kg2 Nxe4 40. Nc8 Rd3 41. Nxb6 Nd6 42. h4 Nxb5 43. Nc8 Kf8 44. Nb6
Nc3 45. Nd7+ Kg8 46. Ne5 Rxd5 47. Kf3 Ra5 48. Kg4 Ra4 49. h5 Nd5 50. Nd3
Nf6+ 51. Kh4 Rd4 52. Ne5 Rxf4+ 53. Kg3 Rf5 54. Nc6 Nxh5+ 55. Kh4 Rc5 56.
Nd8 Nf6 57. Nb7 Rb5 58. Nd8 Rb6 { White resigns } 0-1

[Event "ICC tourney 2396 (75 10)"]
[Site "Internet Chess Club"]
[Date "2021.02.21"]
[Round "5"]
[White "SuperBlueSky"]
[Black "shrey16ultimate"]
[Result "1-0"]
[ICCResult "Black checkmated"]
[WhiteElo "1585"]
[BlackElo "1600"]
[Opening "Nimzo-Indian: classical variation"]
[ECO "E32"]
[NIC "NI.24"]
[Time "14:32:58"]
[PlyCount "113"]
[TimeControl "4500+10"]

1. d4 Nf6 2. c4 e6 3. Nc3 Bb4 4. Qc2 b6 5. e4 d5 6. e5 Ne4 7. Bd3 Nxc3 8.
bxc3 Be7 9. Nf3 Bb7 10. cxd5 Bxd5 11. Be4 c5 12. O-O Nc6 13. Rd1 Bxe4 14.
Qxe4 Rc8 15. Be3 cxd4 16. cxd4 Qd5 17. Qg4 Kd7 18. Ne1 Rcg8 19. Qe2 h5 20.
Nd3 g5 21. f3 h4 22. Nf2 Rc8 23. Ne4 Nb4 24. Rdc1 g4 25. a3 gxf3 26. Qxf3
Nc2 27. Rab1 Nxa3 28. Nf6+ Bxf6 29. Qxf6 Rxc1+ 30. Rxc1 Rh7 31. Bg5 Qxd4+
32. Kh1 Qc4 33. Rxc4 Nxc4 34. Qe7+ Kc6 35. Qxa7 Nxe5 36. Qa4+ Kd5 37. Qb5+
Ke4 38. Qxb6 Rh5 39. Qe3+ Kd5 40. h3 Kd6 41. Qd4+ Kc6 42. Qxe5 f6 43. Qxf6
Rh7 44. Qxe6+ Kb5 45. Qf5+ Kc4 46. Qxh7 Kd4 47. Qf5 Kc3 48. Qe4 Kb2 49. Qd3
Ka1 50. Qe2 Kb1 51. Bxh4 Ka1 52. Kg1 Kb1 53. Kf2 Kc1 54. Ke3 Kb1 55. Kd3
Ka1 56. Bf6+ Kb1 57. Qb2# { Black checkmated } 1-0

[Event "ICC tourney 2396 (75 10)"]
[Site "Internet Chess Club"]
[Date "2021.02.21"]
[Round "5"]
[White "Shoshonte"]
[Black "Chessnaught"]
[Result "0-1"]
[ICCResult "White checkmated"]
[WhiteElo "1626"]
[BlackElo "1527"]
[Opening "Caro-Kann: advance variation"]
[ECO "B12"]
[NIC "CK.04"]
[Time "14:32:54"]
[PlyCount "124"]
[TimeControl "4500+10"]

1. e4 c6 2. d4 d5 3. e5 Bf5 4. Nf3 e6 5. Be2 c5 6. c3 Nc6 7. O-O Qb6 8. a3
cxd4 9. cxd4 Nge7 10. Re1 Bg6 11. b4 Nf5 12. Bb2 Be7 13. b5 O-O 14. a4 a5
15. Bf1 Nb4 16. Na3 Rac8 17. Qd2 Qd8 18. Rec1 Qd7 19. Qd1 b6 20. g3 Rxc1
21. Rxc1 Rc8 22. Ne1 Bf8 23. Ng2 h6 24. g4 Ne7 25. Nf4 Rc7 26. h4 Qc8 27.
Rxc7 Qxc7 28. Nd3 Bxd3 29. Bxd3 Nxd3 30. Qxd3 h5 31. f3 Ng6 32. gxh5 Nxh4
33. Kf2 Nf5 34. Nc2 Be7 35. Ne3 Bh4+ 36. Ke2 Ng3+ 37. Kd1 Nxh5 38. Ng2 Bg5
39. Bc3 Ng3 40. f4 Ne4 41. Bxa5 Nf2+ 42. Ke2 Nxd3 43. Bxb6 Nc1+ 44. Kd1
Qxb6 45. fxg5 Nb3 46. Kc2 Nxd4+ 47. Kc3 Qc5+ 48. Kd3 Qc4+ 49. Ke3 Qxa4 50.
b6 Nf5+ 51. Kf3 Qb3+ 52. Kf2 Qxb6+ 53. Kf1 Ng3+ 54. Ke1 Qg1+ 55. Kd2 Qxg2+
56. Kc1 Qe2 57. g6 Ne4 58. gxf7+ Kxf7 59. Kb1 Qd2 60. Ka1 Kg6 61. Kb1 Nc3+
62. Ka1 Qa2# { White checkmated } 0-1

[Event "ICC tourney 2396 (75 10)"]
[Site "Internet Chess Club"]
[Date "2021.02.21"]
[Round "5"]
[White "sushivishwa"]
[Black "yuanbao2007"]
[Result "1-0"]
[ICCResult "Black resigns"]
[WhiteElo "1750"]
[BlackElo "1584"]
[Opening "French: Tarrasch, closed variation"]
[ECO "C05"]
[NIC "FR.16"]
[Time "14:32:52"]
[PlyCount "129"]
[TimeControl "4500+10"]

1. e4 e6 2. d4 d5 3. Nd2 Nf6 4. e5 Nfd7 5. f4 c5 6. c3 Nc6 7. Ndf3 Be7 8.
Bd3 O-O 9. Ne2 a6 10. O-O b5 11. f5 exf5 12. Bxf5 Nb6 13. Bb1 g6 14. Qd2
Re8 15. Qf4 Be6 16. h4 Ra7 17. Ng3 Nd7 18. Nh1 cxd4 19. cxd4 f6 20. Qg3 Nf8
21. h5 g5 22. exf6 Bxf6 23. Bxg5 Bxg5 24. h6 Rf7 25. Nxg5 Rxf1+ 26. Kxf1
Qf6+ 27. Nf2 Kh8 28. Nf3 Qxh6 29. Bc2 Qg7 30. Qf4 Ng6 31. Bxg6 Qxg6 32. Rc1
Bd7 33. Ne5 Nxe5 34. dxe5 Kg8 35. Kg1 Rf8 36. Qd4 Qe6 37. Rc3 Bc8 38. Rg3+
Kh8 39. Nd3 Qh6 40. Qe3 Qh5 41. Rf3 Rxf3 42. gxf3 Qg6+ 43. Kf1 Bf5 44. Nf4
Qc6 45. Qc3 Qxc3 46. bxc3 Kg7 47. Nxd5 Kf7 48. f4 Bc8 49. Kf2 Ke6 50. Ne3
Bb7 51. Ng4 a5 52. Nf6 h6 53. a3 Kf5 54. Kg3 Bc8 55. Ng8 Ke6 56. Nxh6 Bb7
57. Kf2 Kd5 58. Ke3 Bc8 59. Ng8 Kc4 60. Ne7 Be6 61. Kd2 Kb3 62. Nc6 Kxa3
63. Nxa5 Ka4 64. Nc6 Kb3 65. Nd4+ { Black resigns } 1-0

[Event "ICC tourney 2396 (75 10)"]
[Site "Internet Chess Club"]
[Date "2021.02.21"]
[Round "5"]
[White "abelMZ084"]
[Black "Mpugachev"]
[Result "1/2-1/2"]
[ICCResult "Game drawn by repetition"]
[WhiteElo "1667"]
[BlackElo "1630"]
[Opening "Queen's pawn: stonewall attack"]
[ECO "D00"]
[NIC "QP.08"]
[Time "14:32:52"]
[PlyCount "95"]
[TimeControl "4500+10"]

1. d4 d5 2. e3 Nf6 3. Bd3 e6 4. Nd2 Bd6 5. f4 Nbd7 6. Ngf3 c5 7. c3 b6 8.
Ne5 Bb7 9. Qf3 Qe7 10. O-O O-O-O 11. a4 c4 12. Bc2 a6 13. b3 b5 14. axb5
axb5 15. Bb2 Kc7 16. bxc4 dxc4 17. Ra7 Nd5 18. Be4 Kb6 19. Rxb7+ Kxb7 20.
Bxd5+ exd5 21. Qxd5+ Kc8 22. Nxf7 Qxe3+ 23. Kh1 Bc7 24. Ne4 Nf6 25. Qa8+
Kd7 26. Nxf6+ gxf6 27. Qd5+ Kc8 28. Nxd8 Rxd8 29. Qxb5 Re8 30. Qxc4 Qe4 31.
Ba3 Kb7 32. Qb5+ Kc8 33. d5 Rg8 34. Qa6+ Kb8 35. Qb5+ Kc8 36. Rg1 Rxg2 37.
Qa6+ Kb8 38. Qb5+ Kc8 39. Qa6+ Kb8 40. Qb5+ Kc8 41. Qa6+ Kb8 42. Qb5+ Kc8
43. Qa6+ Kb8 44. Qb5+ Kc8 45. Qa6+ Kb8 46. Qb5+ Kc8 47. Qa6+ Kb8 48. Qb5+ {
Game drawn by repetition } 1/2-1/2